 Dungeon Crawl Stone Soup version 0.29.0-4-gdea44cf6ec (webtiles) character file.

Game seed: 14284531878268206759

7697 qw the Grappler (level 11, -8/107 HPs)
             Began as a Troll Cinder Acolyte on Sept 2, 2022.
             Was a Believer of Ignis.
             Killed from afar by an electric eel (12 damage)
             ... with a bolt of electricity
             ... on level 10 of the Dungeon.
             The game lasted 00:04:01 (7335 turns).

qw the Grappler (Troll Cinder Acolyte)              Turns: 7335, Time: 00:04:01

Health: -8/107     AC: 13    Str: 28    XL:     11   Next: 0%
Magic:  11/11      EV:  9    Int: 10    God:    Ignis [**....]
Gold:   122        SH:  0    Dex:  5    Spells: 12/12 levels left

rFire   + + .      SeeInvis .     - Unarmed
rCold   + . .      Faith    .   (no shield)
rNeg    . . .      Spirit   .   a - +0 robe
rPois   +          Reflect  .   n - +2 hat
rElec   .          Harm     .   (no cloak)
rCorr   .          Rampage  .   (gloves unavailable)
Will    +....                   (boots unavailable)
Stlth   +.........              l - amulet of regeneration
HPRegen 1.87/turn               g - ring of poison resistance
MPRegen 0.12/turn               f - ring of willpower

@: about to teleport, fiery-armoured
A: large, unfitting armour, claws 3, regeneration 1, shaggy fur 1, tough skin 1,
cold resistance 1, fire resistance 1
a: Renounce Religion, Fiery Armour, Foxfire Swarm, Rising Flame


You were on level 10 of the Dungeon.
You worshipped Ignis.
Ignis was pleased with you.
You visited 1 branch of the dungeon, and saw 10 of its levels.
You also visited: Ossuary.

You collected 452 gold pieces.
You spent 330 gold pieces at shops.


Innate Abilities, Weirdness & Mutations

You are too large for most types of armour.
You have claws for hands.
Your natural rate of healing is unusually fast.
You are covered in fur. (AC +1)
You have tough skin. (AC +1)
Your flesh is cold resistant. (rC+)
Your flesh is heat resistant. (rF+)


   Skills:
 - Level 6.4 Fighting
 - Level 4.3 Throwing
 - Level 1.2 Dodging
 + Level 14.6 Unarmed Combat
 - Level 1.0 Spellcasting
 - Level 2.1 Fire Magic


You had 12 spell levels left.
You didn't know any spells.
Your spell library contained the following spells:

 Spells                   Type           Power      Damage    Failure   Level
 Scorch                   Fire           8%         2d5       22%         2

Inventory:

Missiles
 d - 4 boomerangs (quivered)
Armour
 a - a +0 robe (worn)
 e - a +0 troll leather armour
 n - a +2 hat (worn)
Jewellery
 f - a ring of willpower (right claw)
 g - a ring of poison resistance (left claw)
 l - an amulet of regeneration (around neck)
Scrolls
 h - 4 scrolls of enchant weapon
 j - 3 scrolls of teleportation
 m - 9 scrolls of identify
 o - 3 scrolls of enchant armour
Potions
 b - 6 potions of curing
 c - a potion of might
 i - 3 potions of mutation
 p - a potion of cancellation
 q - a potion of haste

Dungeon Overview and Level Annotations

Branches:
Dungeon (11/15)            Temple (0/1) D:4            Lair (0/5) D:10
Ossuary (visited)
    Orc: D:9-12

Altars:
Fedhas
Makhleb
Nemelex Xobeh
Ru
Sif Muna
Wu Jian

Shops:
D:2 [   D:4 (   D:6 =   D:8 (


Message History

The electric eel shoots out a bolt of lightning at you!
The bolt of electricity misses you.
You enter the shallow water.
Moving in this stuff is going to be slow.
Found a staircase to the Lair.
The electric eel shoots out a bolt of lightning at you!
The bolt of electricity hits you!
The wolf bites you. x2; The wolf bites you but does no damage.
You scratch the wolf but do no damage. The wolf bites you!
You mangle the wolf!!
The wolf is severely wounded.
The wolf bites you. The wolf bites you!
An electric eel comes into view.
The electric eel shoots out a bolt of lightning at you!
The bolt of electricity hits you!
7332 ||| INVOKING Fiery Armour.
A protective cloak of flame settles atop you.
The wolf bites you.
The wolf is burned by your cloak of flames.
You kill the wolf!
The electric eel shoots out a bolt of lightning at you!
The bolt of electricity hits you!
You have reached level 11!
The electric eel shoots out a bolt of lightning at you!
The bolt of electricity hits you!
The electric eel shoots out a bolt of lightning at you!
The bolt of electricity hits you.
7334 ||| READING 4 scrolls of teleportation.
As you read the scroll of teleportation, it crumbles to dust.
You feel strangely unstable.
The electric eel shoots out a bolt of lightning at you!
The bolt of electricity hits you!
The electric eel shoots out a bolt of lightning at you!
The bolt of electricity hits you.
The electric eel shoots out a bolt of lightning at you!
The bolt of electricity hits you!
The electric eel shoots out a bolt of lightning at you!
The bolt of electricity hits you!
You die...

..(.............#
................#
..~~..~~.~.~....#
...~~~~~.(.~~...#
..~~.~~~.~.~~~..#
....~~~~(~~~~~..#
..~..~~~.~~~~~..#
...~~.~~%~~~~...#
...~~~.@..~~~...#
..~~~~~S...~~~..#
.~~~~S~....~~~..#
.~~~~~~....~~.~~
.~~~~~..>.~.~~~
.~~~~~~....~~~.
.~~~~~.~.~.~~~~
.~~~~~~~~~~~~..


You could see 2 electric eels.

Vanquished Creatures
  Gastronok (D:8)
  A two-headed ogre (D:8)
  An ugly thing (D:11)
  A manticore (D:11)
  A cyclops (D:11)
  Joseph (D:7)
  2 trolls (D:10)
  Grinder (D:3)
  A wyvern (D:10)
  4 yaks (D:8)
  Menkaure (D:6)
  2 steam dragons
  A water moccasin (D:7)
  An acid dragon (D:8)
  2 sky beasts
  An orc warrior (D:10)
  3 ice beasts
  2 ogres (D:6)
  3 wolves (D:10)
  2 centaurs
  2 bullfrogs
  A necrophage (D:7)
  2 scorpions
  2 water moccasin zombies (Ossuary)
  A howler monkey (D:11)
  12 hounds
  2 orc priests
  4 iguanas
  3 gnoll boudas
  Natasha (D:3)
  7 orc wizards
  Terence (D:3)
  2 mummies (Ossuary)
  23 gnolls
  5 adders
  A shadow imp (D:7)
  2 white imps (D:5)
  An ufetubus (D:4)
  3 adder zombies (Ossuary)
  A worm (D:3)
  4 dart slugs
  22 orcs
  8 endoplasms
  A giant cockroach (D:1)
  4 gnoll zombies (Ossuary)
  2 goblins
  4 hobgoblins
  6 jackals
  2 quokkas
  4 ball pythons
  6 bats
  3 frilled lizards
  5 hobgoblin zombies (Ossuary)
  5 kobolds
  4 kobold zombies (Ossuary)
  7 orc zombies (Ossuary)
  4 rats
199 creatures vanquished.

Vanquished Creatures (others)
  A gnoll (D:7)
  5 plants (D:3)
6 creatures vanquished.

Grand Total: 205 creatures vanquished

Notes
Turn   | Place    | Note
-------+----------+-------------------------------------------
     0 | D:1      | qw the Troll Cinder Acolyte began the quest for the Orb.
     0 | D:1      | Reached XP level 1. HP: 22/22 MP: 1/1
     0 | D:1      | 0 ||| qw: Version: 0.1-a-97-g2dd2ca4
     0 | D:1      | 0 ||| qw: Game counter: 5005
     0 | D:1      | 0 ||| qw: Always use a shield: true
     0 | D:1      | 0 ||| qw: God list: Okawaru
     0 | D:1      | 0 ||| qw: Allow faded altars: false
     0 | D:1      | 0 ||| qw: Do Orc after D:15 true
     0 | D:1      | 0 ||| qw: Do second Lair branch before Depths: true
     0 | D:1      | 0 ||| qw: Lair rune preference: random
     0 | D:1      | 0 ||| qw: Plans: Normal
     0 | D:1      | 0 ||| PLANNING D:1-11
   114 | D:1      | 114 ||| Stepping ~*~*~tactically~*~*~ (hiding).
   120 | D:1      | 120 ||| Stepping ~*~*~tactically~*~*~ (hiding).
   286 | D:1      | 286 ||| Stepping ~*~*~tactically~*~*~ (stealth).
   290 | D:1      | Reached XP level 2. HP: 29/29 MP: 2/2
   404 | D:1      | 404 ||| Stepping ~*~*~tactically~*~*~ (hiding).
   530 | D:1      | 530 ||| Stepping ~*~*~tactically~*~*~ (hiding).
   659 | D:1      | 659 ||| Stepping ~*~*~tactically~*~*~ (stealth).
   661 | D:1      | 661 ||| Stepping ~*~*~tactically~*~*~ (stealth).
   665 | D:1      | Reached skill level 4 in Unarmed Combat
   837 | D:1      | 837 ||| Stepping ~*~*~tactically~*~*~ (stealth).
   850 | D:1      | 850 ||| Stepping ~*~*~tactically~*~*~ (stealth).
   851 | D:1      | 851 ||| Stepping ~*~*~tactically~*~*~ (stealth).
  1004 | D:1      | 1004 ||| UPGRADING to ring of poison resistance.
  1005 | D:1      | 1005 ||| READING scroll labelled YROUSYXIXKY.
  1010 | D:1      | 1010 ||| READING scroll labelled COJ MOXEARCH.
  1011 | D:1      | 1011 ||| DRINKING 2 murky orange potions.
  1115 | D:2      | Reached XP level 3. HP: 36/36 MP: 3/3
  1345 | D:2      | Found Paek's Antique Armour Shoppe.
  1693 | D:2      | 1693 ||| READING scroll labelled SECAHIUFROA.
  1694 | D:2      | 1694 ||| READING scroll labelled MAIDUF YRER.
  1695 | D:2      | 1695 ||| READING 2 scrolls labelled SIRGHA LOKHLONI.
  1696 | D:2      | 1696 ||| READING scroll labelled HEMOUW CITU.
  1697 | D:2      | 1697 ||| DRINKING 3 bubbling yellow potions.
  1697 | D:2      | Gained mutation: You are frail. (-10% HP) [potion of
                  | mutation]
  1697 | D:2      | Gained mutation: You have an increased reservoir of magic.
                  | (+10% MP) [potion of mutation]
  1698 | D:2      | 1698 ||| DRINKING 2 potions of mutation.
  1698 | D:2      | Lost mutation: You are frail. (-10% HP) [potion of
                  | mutation]
  1698 | D:2      | Lost mutation: You have an increased reservoir of magic.
                  | (+10% MP) [potion of mutation]
  1698 | D:2      | Gained mutation: Your flesh is heat resistant. (rF+)
                  | [potion of mutation]
  1698 | D:2      | Gained mutation: Your flesh is cold resistant. (rC+)
                  | [potion of mutation]
  1762 | D:3      | 1762 ||| Stepping ~*~*~tactically~*~*~ (hiding).
  1770 | D:3      | 1770 ||| INVOKING Fiery Armour.
  1776 | D:3      | Reached skill level 5 in Unarmed Combat
  1776 | D:3      | Reached XP level 4. HP: 39/44 MP: 4/4
  1843 | D:3      | Found a faded altar of an unknown god.
  1936 | D:3      | Noticed Terence
  1937 | D:3      | 1937 ||| Stepping ~*~*~tactically~*~*~ (hiding).
  1940 | D:3      | 1940 ||| Stepping ~*~*~tactically~*~*~ (hiding).
  1941 | D:3      | 1941 ||| Stepping ~*~*~tactically~*~*~ (hiding).
  1946 | D:3      | Killed Terence
  1947 | D:3      | Reached XP level 5. HP: 44/50 MP: 5/5
  2074 | D:3      | 2074 ||| Stepping ~*~*~tactically~*~*~ (hiding).
  2077 | D:3      | Reached skill level 6 in Unarmed Combat
  2080 | D:3      | 2080 ||| INVOKING Fiery Armour.
  2342 | D:3      | Noticed Natasha
  2343 | D:3      | 2343 ||| Stepping ~*~*~tactically~*~*~ (hiding).
  2354 | D:3      | Killed Natasha
  2445 | D:3      | 2445 ||| Stepping ~*~*~tactically~*~*~ (stealth).
  2446 | D:3      | 2446 ||| Stepping ~*~*~tactically~*~*~ (stealth).
  2476 | D:3      | Noticed Grinder
  2483 | D:3      | Killed Grinder
  2484 | D:3      | Reached skill level 7 in Unarmed Combat
  2484 | D:3      | Reached XP level 6. HP: 48/59 MP: 6/6
  2934 | D:3      | 2934 ||| READING scroll labelled FESTRE SAAMI.
  2935 | D:3      | 2935 ||| READING 3 scrolls labelled YTAFAQI OMUAQA.
  2936 | D:3      | 2936 ||| DRINKING 2 grey potions.
  2937 | D:3      | 2937 ||| READING 2 scrolls of identify.
  2937 | D:3      | 2937 ||| IDENTIFYING murky purple potion
  2938 | D:3      | 2938 ||| DROPPING potion of degeneration.
  2939 | D:3      | 2939 ||| DROPPING 2 scrolls of fear.
  2964 | D:4      | 2964 ||| PLANNING OSSUARY
  3044 | D:4      | 3044 ||| INVOKING Fiery Armour.
  3051 | D:4      | 3051 ||| FLEEEEING.
  3052 | D:4      | 3052 ||| FLEEEEING.
  3055 | D:4      | 3055 ||| FLEEEEING.
  3056 | D:4      | 3056 ||| FLEEEEING.
  3173 | D:4      | Found a sand-covered staircase.
  3174 | D:4      | 3174 ||| READING scroll labelled YMEARGH ZIERABB.
  3175 | D:4      | 3175 ||| DRINKING 2 sedimented clear potions.
  3176 | D:4      | 3176 ||| READING 2 scrolls of identify.
  3176 | D:4      | 3176 ||| IDENTIFYING smoky green potion
  3177 | D:4      | 3177 ||| DROPPING potion of berserk rage.
  3178 | D:4      | 3178 ||| DROPPING potion of brilliance.
  3187 | Ossuary  | Entered an ossuary
  3261 | Ossuary  | Reached skill level 8 in Unarmed Combat
  3261 | Ossuary  | Reached XP level 7. HP: 66/66 MP: 7/7
  3333 | Ossuary  | Reached skill level 3 in Fighting
  3369 | Ossuary  | 3369 ||| READING 3 scrolls labelled ELIMNO KUGRUUF.
  3370 | Ossuary  | 3370 ||| READING scroll labelled MEFA SUALUL.
  3371 | Ossuary  | 3371 ||| DRINKING 2 fuming green potions.
  3372 | Ossuary  | 3372 ||| DRINKING 2 fuming sapphire potions.
  3473 | Ossuary  | 3473 ||| DRINKING 2 inky potions.
  3474 | Ossuary  | 3474 ||| DRINKING 2 glowing coppery potions.
  3475 | Ossuary  | 3475 ||| DROPPING potion of magic.
  3476 | Ossuary  | 3476 ||| DROPPING potion of ambrosia.
  3477 | Ossuary  | 3477 ||| DROPPING potion of attraction.
  3486 | D:4      | 3486 ||| PLANNING D:1-11
  3507 | D:4      | Found Gownilaf's Weapon Boutique.
  3598 | D:4      | Found an ornate altar of the Wu Jian Council.
  3692 | D:4      | Found a staircase to the Ecumenical Temple.
  3832 | D:4      | 3832 ||| UPGRADING to ring of willpower.
  3833 | D:4      | 3833 ||| READING scroll labelled XAENOMMIMOT.
  3892 | D:5      | Entered Level 5 of the Dungeon
  3979 | D:5      | 3979 ||| Stepping ~*~*~tactically~*~*~ (outnumbered).
  3980 | D:5      | 3980 ||| Stepping ~*~*~tactically~*~*~ (outnumbered).
  3981 | D:5      | 3981 ||| Stepping ~*~*~tactically~*~*~ (outnumbered).
  3982 | D:5      | 3982 ||| Stepping ~*~*~tactically~*~*~ (outnumbered).
  3983 | D:5      | 3983 ||| Stepping ~*~*~tactically~*~*~ (outnumbered).
  3984 | D:5      | 3984 ||| Stepping ~*~*~tactically~*~*~ (outnumbered).
  3985 | D:5      | 3985 ||| Stepping ~*~*~tactically~*~*~ (hiding).
  4000 | D:5      | Reached skill level 9 in Unarmed Combat
  4005 | D:5      | 4005 ||| INVOKING Fiery Armour.
  4104 | D:5      | Reached skill level 1 in Dodging
  4195 | D:5      | Reached XP level 8. HP: 75/75 MP: 8/8
  4456 | D:5      | 4456 ||| Stepping ~*~*~tactically~*~*~ (hiding).
  4682 | D:5      | 4682 ||| READING scroll labelled EBUCRO GAVIOC.
  4828 | D:6      | Noticed Menkaure
  4833 | D:6      | Killed Menkaure
  4902 | D:6      | Reached skill level 10 in Unarmed Combat
  5010 | D:6      | 5010 ||| INVOKING Fiery Armour.
  5220 | D:6      | Found a burning altar of Makhleb.
  5335 | D:6      | Found Ysuaruol's Jewellery Shop.
  5344 | D:6      | 5344 ||| BUYING amulet of regeneration (330 gold).
  5344 | D:6      | Bought an amulet of regeneration for 330 gold pieces
  5344 | D:6      | 5344 ||| SHOPLISTING ring of positive energy (220 gold,
                  | have 16).
  5344 | D:6      | 5344 ||| SHOPLISTING ring of protection from fire (275
                  | gold, have 16).
  5344 | D:6      | 5344 ||| SHOPLISTING ring of see invisible (165 gold, have
                  | 16).
  5344 | D:6      | 5344 ||| SHOPLISTING ring of willpower (275 gold, have 16).
  5374 | D:6      | 5374 ||| Stepping randomly (disturbance).
  5375 | D:6      | 5375 ||| Stepping randomly (disturbance).
  5376 | D:6      | 5376 ||| Stepping randomly (disturbance).
  5377 | D:6      | 5377 ||| Stepping randomly (disturbance).
  5378 | D:6      | 5378 ||| Stepping randomly (disturbance).
  5393 | D:6      | Reached skill level 11 in Unarmed Combat
  5501 | D:6      | Found a sparkling altar of Nemelex Xobeh.
  5577 | D:6      | 5577 ||| UPGRADING to amulet of regeneration.
  5582 | D:6      | 5582 ||| READING scroll labelled JIALICV SEHUVA.
  5583 | D:6      | 5583 ||| READING scroll labelled JEGHUE USEA.
  5620 | D:7      | Reached XP level 9. HP: 79/84 MP: 9/9
  5643 | D:7      | Noticed Joseph
  5644 | D:7      | 5644 ||| Stepping ~*~*~tactically~*~*~ (hiding).
  5653 | D:7      | Killed Joseph
  5685 | D:7      | 5685 ||| Stepping ~*~*~tactically~*~*~ (hiding).
  5689 | D:7      | 5689 ||| Stepping ~*~*~tactically~*~*~ (outnumbered).
  5700 | D:7      | Reached skill level 12 in Unarmed Combat
  5702 | D:7      | 5702 ||| Stepping ~*~*~tactically~*~*~ (stealth).
  5723 | D:7      | Found a blossoming altar of Fedhas.
  5825 | D:7      | 5825 ||| INVOKING Fiery Armour.
  5856 | D:7      | Found a shimmering blue altar of Sif Muna.
  5919 | D:7      | 5919 ||| Stepping ~*~*~tactically~*~*~ (hiding).
  5931 | D:7      | 5931 ||| Stepping ~*~*~tactically~*~*~ (stealth).
  6085 | D:7      | 6085 ||| DROPPING amulet of the acrobat.
  6086 | D:7      | 6086 ||| READING scroll labelled WIYLUUTUT.
  6195 | D:8      | 6195 ||| Stepping ~*~*~tactically~*~*~ (stealth).
  6197 | D:8      | 6197 ||| Stepping ~*~*~tactically~*~*~ (hiding).
  6209 | D:8      | 6209 ||| Stepping ~*~*~tactically~*~*~ (hiding).
  6223 | D:8      | 6223 ||| Stepping ~*~*~tactically~*~*~ (hiding).
  6379 | D:8      | 6379 ||| Stepping ~*~*~tactically~*~*~ (hiding).
  6390 | D:8      | 6390 ||| INVOKING Fiery Armour.
  6568 | D:8      | Reached skill level 13 in Unarmed Combat
  6577 | D:8      | Reached XP level 10. HP: 78/96 MP: 10/10
  6613 | D:8      | Noticed Gastronok
  6614 | D:8      | 6614 ||| FLEEEEING.
  6618 | D:8      | 6618 ||| Stepping ~*~*~tactically~*~*~ (hiding).
  6622 | D:8      | 6622 ||| Stepping ~*~*~tactically~*~*~ (hiding).
  6629 | D:8      | 6629 ||| INVOKING Fiery Armour.
  6633 | D:8      | Killed Gastronok
  6634 | D:8      | Reached skill level 14 in Unarmed Combat
  6679 | D:8      | Noticed a two-headed ogre
  6686 | D:8      | Killed a two-headed ogre
  6714 | D:8      | Found Hujog's Antique Weapon Shoppe.
  6814 | D:8      | Identified the +1 morningstar of Ypsotausch {flame, Str+7}
  6824 | D:8      | You fall into a shaft and drop 3 floors!
  6867 | D:11     | Noticed a white ugly thing
  6874 | D:11     | Killed a white ugly thing
  6875 | D:11     | Reached skill level 6 in Fighting
  6928 | D:11     | Noticed a cyclops
  6935 | D:11     | HP: 14/100 [cyclops/large rock (45)]
  6936 | D:11     | 6936 ||| DRINKING potion of heal wounds.
  6937 | D:11     | 6937 ||| INVOKING Fiery Armour.
  6940 | D:11     | Killed a cyclops
  6986 | D:11     | Noticed a manticore
  6993 | D:11     | Killed a manticore
  6994 | D:11     | Reached skill level 3 in Throwing
  7095 | D:11     | 7095 ||| UPGRADING to +2 hat.
  7100 | D:11     | 7100 ||| DRINKING 2 silvery potions.
  7101 | D:11     | 7101 ||| READING 10 scrolls of identify.
  7101 | D:11     | 7101 ||| IDENTIFYING red potion
  7102 | D:11     | 7102 ||| READING 9 scrolls of identify.
  7102 | D:11     | 7102 ||| IDENTIFYING puce potion
  7103 | D:11     | 7103 ||| DROPPING potion of flight.
  7110 | D:10     | Entered Level 10 of the Dungeon
  7186 | D:10     | 7186 ||| Stepping ~*~*~tactically~*~*~ (outnumbered).
  7190 | D:10     | 7190 ||| Stepping ~*~*~tactically~*~*~ (outnumbered).
  7215 | D:10     | Found a sacrificial altar of Ru.
  7328 | D:10     | Found a staircase to the Lair.
  7332 | D:10     | 7332 ||| INVOKING Fiery Armour.
  7333 | D:10     | Reached XP level 11. HP: 36/107 MP: 11/11
  7333 | D:10     | HP: 25/107 [electric eel/bolt of electricity (14)]
  7334 | D:10     | 7334 ||| READING 4 scrolls of teleportation.
  7334 | D:10     | HP: 12/107 [electric eel/bolt of electricity (3)]
  7335 | D:10     | HP: 4/107 [electric eel/bolt of electricity (11)]
  7335 | D:10     | Killed from afar by an electric eel

Levels and vault maps discovered:
D:1:      nicolae_arrival_memento_mori, layout_loops_ring, corner_web_ring,
          dreamdust_mushroom_princess
D:2:      layout_basic, serial_shops, nicolae_shop_stone
D:3:      layout_basic, serial_forest, infiniplex_forest_clump_tiny,
          infiniplex_forest_end_1, infiniplex_forest_clump_medium,
          infiniplex_forest_end_3, infiniplex_forest_lined_room_,
          infiniplex_forest_corner_2, infiniplex_forest_split,
          infiniplex_forest_lined_2, infiniplex_forest_lined_3,
          infiniplex_forest_straight_1, hellmonk_ecumenical_altar_run_dry,
          uniq_grinder, uniq_terence, uniq_natasha
D:4:      layout_loops_ring, lemuel_doored_altar, temple_green, serial_shops,
          nicolae_shop_hallway_plus, nicolae_ossuary_entry_monument
D:5:      layout_cave_pods
D:6:      layout_cave_pods, mainiacjoe_overflow_alcove_2,
          nemelex_xobeh_ov_fountains_minmay, serial_shops, shop,
          kennysheep_generic_room_2, uniq_menkaure
D:7:      layout_rooms, fedhas_altar_1, lemuel_coloured_pillars_altar,
          uniq_joseph
D:8:      layout_cave_pods, minitemple, serial_shops, kennysheep_little_box,
          uniq_gastronok
D:10:     layout_stronghold, mainiacjoe_overflow_brackets, erik_lair_island,
          david_orc_3, ebering_ghost_inner_flame
D:11:     layout_long_grid

Skill      XL: |  1  2  3  4  5  6  7  8  9 10 |
---------------+-------------------------------+-----
Unarmed Combat | 4 5 7 8 9 11 13 14 | 14.6
Fighting       | 3 4 5 6 |  6.4
Throwing       | 2 4 |  4.3
Dodging        | 1 |  1.2
Spellcasting   | |  1.0
Fire Magic     | |  2.1

Action                   |  1- 3 |  4- 6 |  7- 9 | 10-12 || total
-------------------------+-------+-------+-------+-------++-------
Melee: Unarmed           |    98 |    91 |   252 |    62 ||   503
       Punch             |       |     3 |    10 |     5 ||    18
Throw: Boomerang         |       |     2 |    66 |    27 ||    95
       Large rock        |       |       |       |     5 ||     5
Invok: Fiery Armour      |     1 |     2 |     4 |     3 ||    10
  Use: Scroll            |     6 |     5 |     7 |     3 ||    21
       Potion            |     3 |     2 |     4 |     2 ||    11
Armor: Robe              |    31 |    20 |    59 |    13 ||   123
Dodge: Dodged            |    31 |    21 |    84 |    18 ||   154

Table legend:
 A = Non-vault XP
 B = Vault XP
 C = Vault XP percentage of total XP
 D = Non-vault monster count
 E = Vault monster count
 F = Vault count percentage of total count
                 A         B        C        D         E       F
            +---------+---------+-------+---------+---------+-------
      Total |    7511 |    3486 |  31.7 |     157 |      42 |  21.1
            +---------+---------+-------+---------+---------+-------
        D:1 |      38 |       0 |   0.0 |      20 |       0 |   0.0
        D:2 |      33 |       0 |   0.0 |      13 |       0 |   0.0
        D:3 |     191 |     322 |  62.8 |      22 |       3 |  12.0
        D:4 |     225 |       0 |   0.0 |       7 |       0 |   0.0
        D:5 |     437 |       0 |   0.0 |      20 |       0 |   0.0
        D:6 |     955 |     346 |  26.6 |      19 |       3 |  13.6
        D:7 |    1002 |     423 |  29.7 |      25 |       1 |   3.8
        D:8 |    2160 |    1377 |  38.9 |      19 |       1 |   5.0
       D:10 |     831 |     791 |  48.8 |       8 |       7 |  46.7
       D:11 |    1639 |       0 |   0.0 |       4 |       0 |   0.0
    Ossuary |       0 |     227 | 100.0 |       0 |      27 | 100.0
            +---------+---------+-------+---------+---------+-------
